 Dungeon Crawl Stone Soup version 0.29-a0-284-gf9362112df (webtiles) character file.

Game seed: 7243315783093466798

26 spaghetti the Caller (level 2, -4/19 HPs)
             Began as a Demonspawn Summoner on Mar 21, 2022.
             Slain by a scorpion (7 damage)
             ... on level 2 of the Dungeon.
             The game lasted 00:02:43 (1821 turns).

spaghetti the Caller (Demonspawn Summoner)          Turns: 1821, Time: 00:02:44

Health: -4/19      AC:  3    Str:  8    XL:     2   Next: 89%
Magic:  2/5        EV: 12    Int: 16    God:
Gold:   34         SH:  0    Dex: 13    Spells: 2/5 levels left

rFire   . . .      SeeInvis .   e - +3 dagger {short}
rCold   . . .      Faith    .   (no shield)
rNeg    . . .      Spirit   .   a - +1 robe
rPois   .          Reflect  .   (no helmet)
rElec   .          Harm     .   (no cloak)
rCorr   .          Rampage  .   (no gloves)
Will    .....                   (no boots)
Stlth   ++........              (no amulet)
HPRegen 0.06/turn               (no ring)
MPRegen 0.09/turn               (no ring)

@: flying
A: powered by pain 1
a: no special abilities


You were on level 2 of the Dungeon.
You visited 1 branch of the dungeon, and saw 2 of its levels.

You collected 34 gold pieces.


Innate Abilities, Weirdness & Mutations

You sometimes gain a little power by taking damage.


   Skills:
 - Level 1.7 Dodging
 - Level 1.7 Stealth
 - Level 2.0 Spellcasting
 + Level 4.9 Summonings


You had 2 spell levels left.
You knew the following spells:

 Your Spells              Type           Power      Damage    Failure   Level
a - Summon Small Mammal   Summ           68%        N/A       2%          1
b - Call Imp              Summ           17%        N/A       4%          2

Your spell library contained the following spells:

 Spells                   Type           Power      Damage    Failure   Level
 Pain                     Necr           4%         1d4       21%         1
 Call Canine Familiar     Summ           17%        N/A       9%          3
 Summon Guardian Golem    Hex/Summ       9%         N/A       22%         3
 Summon Lightning Spire   Summ/Air       9%         N/A       58%         4
 Agony                    Necr           1%         N/A       99%         5
 Excruciating Wounds      Necr           0%         N/A       99%         5

Inventory:

Hand Weapons
 c - a +0 short sword {short}
   (You took it off a kobold on level 1 of the Dungeon)
 e - a +3 dagger (weapon) {short}
   (You took it off a goblin on level 1 of the Dungeon)
Missiles
 d - 37 stones {throwing}
Armour
 a - a +1 robe (worn)
Scrolls
 g - 3 scrolls of enchant weapon {unknown}
 h - 2 scrolls of identify {unknown}
Potions
 i - a potion of degeneration {unknown}

Dungeon Overview and Level Annotations

Branches:
Dungeon (2/15)

Altars:

Annotations:
D:2 1 runed translucent door, Crazy Yiuf

.####..#.#.# #........#..#
......^....#####...........#
.#####.#.........###.####.##
.# #.###........#### ### ##
#.# ###......# #.#
#.#######♣♣♣♣♣ #.# #.#
##.#..♣.♣♣♣ ### #<#
#.####......♣..♣#...# #.
#...#@.....♣♣♣♣.+...#
###.#####.#5s...#.♣♣ ♣♣#..)#
####..........r#####♣♣ ###
<.....###.###..#
#####.#..5..#..# #.....#..#
#....>.....# ....#...$.#..#
###.#.....#..#


You could see a scorpion (ally target), a friendly white imp (summoned) and a
friendly rat (summoned).


Message History

Your bat disappears in a puff of smoke!
You now have 34 gold pieces (gained 10).
Key pressed, stopping explore.
Key pressed, stopping explore.
Key pressed, stopping explore.
Key pressed, stopping explore.
d - 37 stones {throwing} (gained 16)
A hobgoblin comes into view.
Found a stone staircase leading down. 😎 MP[+4]
Your mp is fully restored (5).
A scorpion comes into view.
The hobgoblin closely misses you. The scorpion misses you.
You hit the hobgoblin.
You kill the hobgoblin!
The scorpion stings you. 😮 HP[-6]
You take 6 damage, and now have 13/19 hp.
MASSIVE DAMAGE!! (PAUSE)
Casting: Summon Small Mammal (safe; 2% risk of failure)
Confirm with . or Enter, or press ? or * to list all spells.
A beastly little devil appears in a puff of frigid air.
The scorpion stings you.
* * * LOW HITPOINT WARNING * * *
😨 HP[-5] MP[-2]
You take 5 damage, and now have 8/19 hp.
MASSIVE DAMAGE!! (PAUSE)
You lost 2 mp, and now have 3/5 mp.
The scorpion attacks as you move away! The scorpion stings you.
* * * LOW HITPOINT WARNING * * *
😨 HP[-3]
You take 3 damage, and now have 5/19 hp.
Casting: Call Imp (safe; 4% risk of failure)
Confirm with . or Enter, or press ? or * to list all spells.
The scorpion stings you.
* * * LOW HITPOINT WARNING * * *
Your white imp gestures at the scorpion.
The puff of frost hits the scorpion!
The scorpion closely misses your white imp. 😱 HP[-3] MP[-1]
You take 3 damage, and now have 2/19 hp.
You lost 1 mp, and now have 2/5 mp.
The scorpion barely misses something.
Your rat closely misses the scorpion.
The scorpion stings something.
Your rat closely misses the scorpion. 😱 HP[+1]
The scorpion stings something.
Your rat barely misses the scorpion.
The scorpion stings something.
Your rat bites the scorpion.
Casting: Summon Small Mammal (safe; 2% risk of failure)
Confirm with . or Enter, or press ? or * to list all spells.
The scorpion stings your rat.
Your rat dies!
Your rat's corpse disappears in a puff of smoke! 😱 MP[-1]
You lost 1 mp, and now have 1/5 mp.
What are your orders? t - Shout!
Orders for allies: a - Attack new target. r - Retreat! s - Stop attacking. g - Guard the area. f - Follow me.
Anything else - Cancel.
Gang up on whom?
Press: ? - help, Dir - move target, f - scorpion
Aim: a scorpion (heavily wounded, not watching you, ally target) Attack!
Casting: Summon Small Mammal (safe; 2% risk of failure)
Confirm with . or Enter, or press ? or * to list all spells.
You don't have enough magic to cast this spell.
Casting: Summon Small Mammal (safe; 2% risk of failure)
Confirm with . or Enter, or press ? or * to list all spells.
You don't have enough magic to cast this spell.
It was a potion of flight.
You feel very buoyant.
You fly up into the air.
The scorpion barely misses your rat.
Your rat closely misses the scorpion. 😱 MP[+1] Magic courses through your body.
The scorpion barely misses your rat.
Your rat closely misses the scorpion. 😱 MP[+3]
Your mp is fully restored (5).
Unknown command.
Casting: Summon Small Mammal (safe; 2% risk of failure)
Confirm with . or Enter, or press ? or * to list all spells.
A beastly little devil appears in a puff of frigid air.
The scorpion stings your rat.
Your rat dies!
Your rat's corpse disappears in a puff of smoke! 😱 MP[-2]
You lost 2 mp, and now have 3/5 mp.
Casting: Call Imp (safe; 4% risk of failure)
Confirm with . or Enter, or press ? or * to list all spells.
😱 MP[-1]
You lost 1 mp, and now have 2/5 mp.
The scorpion attacks as you move away! The scorpion barely misses you.
Your white imp gestures at the scorpion.
The puff of frost hits the scorpion.
Your rat bites the scorpion.
You hit the scorpion but do no damage.
The scorpion stings you but does no damage.
Your rat bites the scorpion but does no damage.
You closely miss the scorpion. The scorpion stings you!
You die...

Action                   || total
-------------------------++-------
Melee: Dagger            ||    46
       Unarmed           ||     2
       Punch             ||     1
 Cast: Summon Small Mamm ||    20
       Call Imp          ||     3
  Use: Scroll            ||     1
       Potion            ||     2
 Stab: Sleeping          ||     3
       Distracted        ||     1
Armor: Robe              ||    15
Dodge: Dodged            ||    36

Levels and vault maps discovered:
D:1:      erik_arrival_cave_to_civilisation [erik_arrival_cave_to_hall],
          layout_basic
D:2:      cheibrodos_pilgrimage, layout_loops_ring, basic_altar,
          kennysheep_cross_room, st_stairs_3, uniq_crazy_yiuf_cottage,
          uniq_jessica

Notes
Turn   | Place    | Note
-------+----------+-------------------------------------------
     0 | D:1      | spaghetti the Demonspawn Summoner began the quest for the
                  | Orb.
     0 | D:1      | Reached XP level 1. HP: 13/13 MP: 3/3
     0 | D:1      | magus.rc [v1.9.6]
    34 | D:1      | HP: 1/13 [kobold/+0 short sword (4)]
   535 | D:1      | Gained mutation: You sometimes gain a little power by
                  | taking damage. [demonic ancestry]
   535 | D:1      | Reached XP level 2. HP: 19/19 MP: 5/5
   817 | D:1      | You pick up a book of Pain and begin reading...
   817 | D:1      | You add the spells Pain, Agony and Excruciating Wounds to
                  | your library.
  1592 | D:2      | Learned a level 2 spell: Call Imp
  1781 | D:2      | Found a runed translucent door.
  1782 | D:2      | Noticed Crazy Yiuf
  1801 | D:2      | Noticed a scorpion
  1807 | D:2      | HP: 2/19 [scorpion (3)]
  1821 | D:2      | Slain by a scorpion

Vanquished Creatures
  A ball python (D:1)
  An endoplasm (D:1)
  A giant cockroach (D:1)
  3 hobgoblins
  2 quokkas (D:1)
  A bat (D:1)
  A kobold (D:1)
  A rat (D:1)
11 creatures vanquished.

Vanquished Creatures (collateral kills)
  A worm (D:2)
  2 ball pythons (D:1)
  A giant cockroach (D:1)
  A goblin (D:1)
  A hobgoblin (D:1)
  2 kobolds (D:1)
  A frilled lizard (D:1)
  A rat (D:2)
10 creatures vanquished.

Grand Total: 21 creatures vanquished

Table legend:
 A = Non-vault XP
 B = Vault XP
 C = Vault XP percentage of total XP
 D = Non-vault monster count
 E = Vault monster count
 F = Vault count percentage of total count
                 A         B        C        D         E       F
            +---------+---------+-------+---------+---------+-------
      Total |      36 |       2 |   5.3 |      20 |       1 |   4.8
            +---------+---------+-------+---------+---------+-------
        D:1 |      30 |       0 |   0.0 |      18 |       0 |   0.0
        D:2 |       6 |       2 |  25.0 |       2 |       1 |  33.3
            +---------+---------+-------+---------+---------+-------

Illustrated notes

Table legend:
 A = Kills in this place as a percentage of kills in entire the game.
 B = Kills by you in this place as a percentage of kills by you in the entire game.
 C = Kills by friends in this place as a percentage of kills by friends in the entire game.
 D = Other kills in this place as a percentage of other kills in the entire game.
 E = Experience gained in this place as a percentage of experience gained in the entire game.
 F = Experience gained in this place divided by the number of levels of this place that you have seen.
                   A       B       C       D       E      F
               +-------+-------+-------+-------+-------+----------------------
         Total | 100.0 | 100.0 | 100.0 |   N/A | 100.0 |  19.0
       Dungeon | 100.0 | 100.0 | 100.0 |   N/A | 100.0 |  19.0
               +-------+-------+-------+-------+-------+----------------------

Table legend: (Time is in decaauts)
 A = Elapsed time spent in this place.
 B = Non-inter-level travel time spent in this place.
 C = Inter-level travel time spent in this place.
 D = Time resting spent in this place.
 E = Time spent auto-exploring this place.
 F = Levels seen in this place.
 G = Mean time per level.
                   A        B        C        D        E       F      G
               +--------+--------+--------+--------+--------+-----+--------+
         Total |   1820 |   1749 |     71 |    313 |   1244 |   2 |  910.0 |
       Dungeon |   1820 |   1749 |     71 |    313 |   1244 |   2 |  910.0 |
               +--------+--------+--------+--------+--------+-----+--------+

Top non-repeatable levels by time:
     D:1: 1521 daAuts
     D:2: 298 daAuts
